AoeStats
← IdliDosa

Arena

507773139Analyzed
4v4 RM · 12d ago on Sep 19, 2026· 46m 56s· 8 players
Game mode
Random Map
Map size
Large (8 player)
Population
200
Speed
Normal
Resources
Standard
Victory
Conquest
Starting age
Dark Age
Ending age
Imperial Age
RankedLock teamsTeams togetherTeam positionsShared explorationLock speedFull tech treeHidden civsTurbo modeCheats
Victory
Defeat
🇦🇷 Poles · Argentina
1258
+14
🇮🇳 Bohemians · India
1217
+16
🇰🇷 Britons · South Korea
1213
+16
🇨🇳 Franks · China
1167
+18
1259
-17
1216
-16
🇲🇽 Hindustanis · Mexico
1204
-16
🇲🇽 Celts · Mexico
1185
-15
RARRY
10:24 Feudal Age
14:15 Castle Age
12:36 Double-Bit Axe
12:45 Horse Collar
15:19 Bow Saw
18:50 Wheelbarrow
fechinoo
11:05 Feudal Age
14:42 Castle Age
12:33 Double-Bit Axe
22:49 Wheelbarrow
22:35 Gold Mining
24:42 Bow Saw
25:20 Gold Shaft Mining
26:00 Hand Cart
26:20 Stone Mining
31:27 Imperial Age
29:43 Scale Barding Armor
29:48 Forging
29:48 Husbandry
31:02 Chain Barding Armor
31:23 Loom
32:14 Chivalry
32:34 Conscription
32:52 Plate Barding Armor
31:40 Cavalier
32:05 Pikeman
32:45 Squires
32:31 Arson
33:36 Iron Casting
33:07 Paladin
33:28 Halberdier
34:55 Town Watch
35:51 Scale Mail Armor
38:10 Blast Furnace
37:12 Herbal Medicine
38:36 Chemistry
38:44 Chain Mail Armor
38:48 Town Patrol
38:15 Light Cavalry
40:48 Plate Mail Armor
40:18 Padded Archer Armor
40:01 Elite Throwing Axeman
41:16 Hoardings
42:07 #83
43:41 Caravan
46:15 Coinage
46:54 Banking
IdliDosa
11:25 Feudal Age
13:00 Loom
13:04 Man-at-Arms
16:39 Scale Mail Armor
19:07 Horse Collar
19:13 Double-Bit Axe
20:02 Arson
25:47 Castle Age
26:35 Heavy Plow
26:49 Bow Saw
27:50 Wheelbarrow
28:08 Fervor
29:01 Hand Cart
28:32 Town Watch
32:05 Chemistry
35:06 Imperial Age
32:46 Pikeman
33:26 Squires
35:06 Chain Mail Armor
35:03 Forging
38:30 Two-Man Saw
38:16 Plate Mail Armor
40:33 Halberdier
41:49 Iron Casting
43:02 Ballistics
43:44 Blast Furnace
43:47 Siege Engineers
44:18 Wagenburg Tactics
44:34 Conscription
44:34 Padded Archer Armor
46:44 Leather Archer Armor
GuGu咕咕
10:50 Feudal Age
12:45 Double-Bit Axe
15:58 Castle Age
13:59 Horse Collar
17:00 Heavy Plow
17:29 Bow Saw
21:39 Scale Barding Armor
22:21 Wheelbarrow
21:54 Gold Mining
22:50 Forging
23:52 Chain Barding Armor
23:46 Szlachta Privileges
25:11 Chain Barding Armor
26:18 Bloodlines
26:09 Husbandry
26:31 Stone Mining
27:33 Scale Mail Armor
28:33 Iron Casting
29:17 Hand Cart
29:19 Loom
31:27 Stone Shaft Mining
31:41 Chain Mail Armor
35:57 Imperial Age
35:11 Treadmill Crane
35:52 Ballistics
35:23 Fletching
35:34 Padded Archer Armor
35:00 Light Cavalry
36:39 Coinage
36:06 Bodkin Arrow
37:56 Chemistry
37:03 Siege Engineers
36:43 Arrowslits
38:00 Blast Furnace
36:22 Cavalier
36:57 Winged Hussar
38:04 Conscription
39:21 Crop Rotation
39:25 Bombard Tower
39:01 Murder Holes
39:17 Masonry
39:08 Bracer
39:24 Leather Archer Armor
39:52 Banking
39:20 Elite Obuch
42:18 Plate Mail Armor
45:24 Lechitic Legacy
46:54 Squires
46:39 Arson
Miztliel
10:17 Feudal Age
13:53 Wheelbarrow
13:06 Double-Bit Axe
16:37 Castle Age
14:30 Horse Collar
17:46 Scale Barding Armor
19:35 Bloodlines
19:25 Husbandry
19:43 Forging
22:36 Loom
25:06 Chain Barding Armor
27:06 Hand Cart
27:29 Iron Casting
28:49 Heavy Plow
35:11 Imperial Age
33:17 Town Watch
34:24 Fletching
36:34 Plate Barding Armor
36:01 Bodkin Arrow
36:17 Herbal Medicine
38:01 Gold Mining
38:02 Stone Mining
37:58 Heavy Camel Rider
39:26 Town Patrol
40:23 Imperial Camel Rider
42:36 Blast Furnace
El Hijo de Zalvakky Jr. Dark
10:00 Feudal Age
10:39 Double-Bit Axe
10:35 Horse Collar
16:18 Wheelbarrow
19:11 Castle Age
18:23 Forging
18:21 Scale Barding Armor
19:13 Bloodlines
20:56 Husbandry
22:39 Bow Saw
22:30 Heavy Plow
27:09 Gold Mining
27:03 Light Cavalry
29:44 Iron Casting
32:07 Chain Barding Armor
32:58 Hand Cart
32:32 Loom
38:14 Imperial Age
37:36 Fletching
38:05 Padded Archer Armor
38:46 Ballistics
38:42 Thumb Ring
38:39 Stone Mining
38:20 Elite Genitour
39:11 Bodkin Arrow
39:58 Leather Archer Armor
40:20 Plate Barding Armor
40:46 Blast Furnace
39:54 Bracer
40:46 Conscription
41:53 Murder Holes
44:59 Ring Archer Armor
El hijo de Airbreaker Jr. Jr.
6:59 Loom
10:00 Feudal Age
10:49 Double-Bit Axe
20:21 Horse Collar
21:13 Fletching
23:50 Gold Mining
27:01 Castle Age
26:03 Wheelbarrow
26:06 Forging
27:31 Scale Barding Armor
27:38 Bloodlines
28:16 Bow Saw
28:07 Heavy Plow
28:43 Gold Shaft Mining
29:12 Iron Casting
33:15 Scale Mail Armor
33:35 Chain Barding Armor
32:48 Capped Ram
37:19 Imperial Age
35:08 Hand Cart
34:38 Town Watch
37:26 Town Patrol
37:31 Elite Steppe Lancer
39:12 Blast Furnace
38:47 Plate Barding Armor
38:24 Stone Mining
39:14 Bodkin Arrow
41:00 Chemistry
42:05 Padded Archer Armor
Tezcatlipoca
10:39 Feudal Age
14:44 Castle Age
12:47 Double-Bit Axe
14:06 Gold Mining
29:02 Wheelbarrow
31:05 Horse Collar
35:57 Hand Cart
41:42 Imperial Age
40:05 Ballistics
39:42 Murder Holes
40:01 Fortified Wall
40:21 Scale Mail Armor
40:31 Forging
42:53 Bow Saw
42:22 Capped Ram
42:23 Heavy Scorpion
43:20 Chain Mail Armor
43:40 Iron Casting
44:10 Chemistry
43:16 Siege Engineers
43:13 Pikeman
44:15 Conscription
44:35 Siege Ram
Connection lost

Rejoining the realm…

Still unreachable

The connection could not be restored.

Session expired

The server has moved on; the page needs a fresh start.